 Dungeon Crawl Stone Soup version 0.27-a0-1464-g3d13938 (webtiles) character file.

Game seed: 5874302082333210525

98116 Meow the Warrior (level 16, -14/151 HPs)
             Began as a Ghoul Ice Elementalist on July 6, 2021.
             Was an Initiate of Gozag.
             Demolished by a thrashing horror (15 damage)
             ... on level 3 of the Abyss.
             The game lasted 02:34:35 (37109 turns).

Meow the Warrior (Ghoul Ice Elementalist)          Turns: 37109, Time: 02:34:36

Health: -14/151    AC: 12    Str: 16    XL:     16   Next: 21%
Magic:  3/40       EV: 12    Int: 15    God:    Gozag
Gold:   2282       SH:  0    Dex: 12    Spells: 4/39 levels left

rFire    + . .     SeeInvis +   a - +1 falchion (elec)
rCold    + . .     Faith    .   (no shield)
rNeg     + + +     Spirit   .   d - +4 robe of Instinct {rElec Str+2 Dex+3}
rPois    ∞         Reflect  .   T - +2 helmet {SInv}
rElec    +         Harm     .   i - +0 cloak
rCorr    .         Rampage  .   o - +1 pair of gloves {Stlth+}
Will     +....                  (no boots)
Stlth    +++.......             (no amulet)
HPRegen  0.00/turn              k - ring of magical power
MPRegen  0.27/turn              R - ring of protection from fire

@: gold aura, freezing walls
A: claws 1, cold resistance 1, negative energy resistance 3, inhibited
regeneration, torment resistance 2
a: Renounce Religion, Potion Petition, Call Merchant, Bribe Branch


You were on level 3 of the Abyss.
You worshipped Gozag.
Gozag was most pleased with you.
You visited 5 branches of the dungeon, and saw 23 of its levels.
You visited the Abyss 1 time.
You also visited: Wizlab.

You collected 7642 gold pieces.
You spent 815 gold pieces at shops.
You paid 4545 gold pieces to Gozag.

Inventory:

Hand Weapons
 a - a +1 falchion of electrocution (weapon)
Missiles
 b - 130 sling bullets
 f - 228 bolts
 h - 563 stones
 j - 349 arrows
 p - 85 poisoned darts (quivered)
 L - 11 curare-tipped darts
Armour
 d - the +4 robe of Instinct (worn) {rElec Str+2 Dex+3}
   (You bought it in a shop on level 1 of the Lair of Beasts)

   Str:       It affects your strength (+2).
   Dex:       It affects your dexterity (+3).
   rElec:     It insulates you from electricity.
 i - a +0 cloak (worn)
 o - a +1 pair of gloves of stealth (worn)
 y - a +0 kite shield
 T - a +2 helmet of see invisible (worn)
Jewellery
 k - a ring of magical power (left hand)
 r - an amulet of regeneration
 Q - an amulet of faith
 R - a ring of protection from fire (right hand)
 W - a ring of willpower
Wands
 C - a wand of flame (35)
 D - a wand of charming (12)
 H - a wand of polymorph (19)
 I - a wand of mindburst (13)
 O - a wand of paralysis (6)
Scrolls
 g - 3 scrolls of enchant weapon
 l - 4 scrolls of fog
 n - 2 scrolls of fear {unknown}
 q - a scroll of holy word {unknown}
 s - 2 scrolls of acquirement {unknown}
 t - a scroll of summoning {unknown}
 u - 8 scrolls of vulnerability
 v - 3 scrolls of amnesia {unknown}
 w - 3 scrolls of enchant armour {unknown}
 A - 2 scrolls of immolation {unknown}
 B - a scroll of torment {unknown}
 K - 3 scrolls of magic mapping
 P - 2 scrolls of brand weapon {unknown}
Potions
 c - 2 potions of degeneration
 e - 6 potions of curing
 x - 2 potions of attraction
 G - a potion of resistance
 M - a potion of ambrosia {unknown}
 N - 7 potions of cancellation
 S - 2 potions of flight
 U - 2 potions of brilliance
Miscellaneous
 V - a box of beasts (inert)
 X - a condenser vane (inert)


   Skills:
 - Level 16.0 Fighting
 - Level 1.7 Dodging
 - Level 2.1 Stealth
 - Level 12.0 Spellcasting
 - Level 11.2 Conjurations
 + Level 13.4 Ice Magic
 - Level 10.0 Earth Magic


You had 4 spell levels left.
You knew the following spells:

 Your Spells              Type           Power      Damage    Failure   Level
a - Freeze                Ice            100%       1d11      1%          1
b - Hailstorm             Conj/Ice       46%        3d11      1%          4
c - Mephitic Cloud        Conj/Pois/Air  20%        N/A       4%          3
e - Ozocubu's Armour      Ice            49%        N/A       1%          3
f - Frozen Ramparts       Ice            98%        1d11      1%          3
g - Bolt of Magma         Conj/Fire/Erth 15%        4d9       12%         5
B - Summon Ice Beast      Ice/Summ       29%        N/A       4%          4
F - Freezing Cloud        Conj/Ice/Air   16%        6-21      8%          5
G - Ozocubu's Refrigerat  Ice            24%        4d9       26%         7

Your spell library contained the following spells:

 Spells                   Type           Power      Damage    Failure   Level
 Passwall                 Tmut/Erth      20%        N/A       1%          2
 Apportation              Tloc           18%        N/A       8%          1
 Poisonous Vapours        Pois/Air       18%        N/A       12%         2
 Slow                     Hex            9%         N/A       12%         2
 Confusing Touch          Hex            9%         N/A       24%         3
 Gell's Gravitas          Tloc           4%         N/A       24%         3
 Ignite Poison            Fire/Tmut/Pois 9%         N/A       24%         3
 Lesser Beckoning         Tloc           4%         N/A       24%         3
 Portal Projectile        Hex/Tloc       18%        N/A       24%         3
 Swiftness                Air            9%         N/A       24%         3
 Teleport Other           Tloc           9%         N/A       24%         3
 Airstrike                Air            4%         N/A       61%         4
 Olgreb's Toxic Radiance  Pois           9%         N/A       61%         4
 Summon Lightning Spire   Summ/Air       9%         N/A       61%         4
 Lightning Bolt           Conj/Air       12%        1d26      22%         5
 Alistair's Intoxication  Tmut/Pois      6%         N/A       91%         5
 Summon Forest            Summ/Tloc      4%         N/A       91%         5
 Summon Mana Viper        Hex/Summ       9%         N/A       91%         5
 Yara's Violent Unravell  Hex/Tmut       4%         3d4       91%         5
 Eringya's Noxious Bog    Tmut/Pois      4%         N/A       100%        6
 Invisibility             Hex            4%         N/A       100%        6
 Shadow Creatures         Summ           N/A        N/A       100%        6
 Malign Gateway           Summ/Tloc      4%         N/A       100%        7
 Summon Hydra             Summ           4%         N/A       100%        7
 Ignition                 Fire           4%         3d4       100%        8
 Maxwell's Capacitive Co  Air            4%         ∞         100%        8
 Summon Horrible Things   Summ           4%         N/A       100%        8
 Ice Form                 Ice/Tmut       Unusable   N/A       N/A         4
 Sublimation of Blood     Necr           Unusable   N/A       N/A         2
 Wereblood                Tmut           Unusable   N/A       N/A         2
 Storm Form               Tmut/Air       Unusable   N/A       N/A         7

Dungeon Overview and Level Annotations

Branches:
Dungeon (13/15)            Temple (1/1) D:4            Lair (6/6) D:8
 Shoals (0/4) Lair:4       Spider (0/4) Lair:4        Slime (0/5) Lair:5
    Orc (2/2) D:9             Elf (1/3) Orc:2        WizLab (visited)
 Vaults: D:13-14

Altars:
Ashenzari
Cheibriados
Dithmenos
Elyvilon
Fedhas
Gozag
Hepliaklqana
Kikubaaqudgha
Makhleb
Nemelex Xobeh
Okawaru
Qazlal
Ru
Sif Muna
Trog
Uskayaw
Vehumet
Wu Jian
Xom
Yredelemnul
Zin
The Shining One
Beogh

Shops:
D:9 ((   D:12 (   Orc:2 [(?:   Elf:1 (   Lair:1 *=[[[

Annotations:
D:8 3 runed translucent doors, vykuza's ghost, novice PaBe


Innate Abilities, Weirdness & Mutations

You thrive by killing the living.
You are immune to poison.
You have sharp fingernails.
Your flesh is cold resistant. (rC+)
You are immune to negative energy. (rN+++)
You do not regenerate when monsters are visible.
You are immune to unholy pain and torment.


Message History

Your larval batsting beast's corpse disappears in a puff of smoke!
The thrashing horror roars!
Unknown command.
Casting: Ozocubu's Armour (safe; 1% risk of failure)
Confirm with . or Enter, or press ? or * to list all spells.
Casting: Frozen Ramparts (safe; 1% risk of failure)
Press: ? - help, Dir - look around, f - activate The walls around you are covered in ice.
The thrashing horror resists.
The wall freezes the thrashing horror.
The thrashing horror tramples you.
* * * LOW HITPOINT WARNING * * *
You hold your ground!
The thrashing horror tramples you!
* * * LOW HITPOINT WARNING * * *
You hold your ground!
The thrashing horror resists.
The wall freezes the thrashing horror.
The thrashing horror tramples you!
* * * LOW HITPOINT WARNING * * *
You hold your ground!
The thrashing horror barely misses you.
The thrashing horror resists.
The wall freezes the thrashing horror.
The thrashing horror tramples you!!
* * * LOW HITPOINT WARNING * * *
You hold your ground!
The thrashing horror barely misses you.
You barely miss the thrashing horror.
The thrashing horror is severely damaged.
The thrashing horror resists.
The wall freezes the thrashing horror.
The thrashing horror barely misses you.
The thrashing horror tramples you but does no damage.
The thrashing horror resists.
The wall freezes the thrashing horror.
The thrashing horror tramples you but does no damage. x2
The thrashing horror resists.
The wall freezes the thrashing horror.
The thrashing horror is distracted by your dazzling golden aura.
Unknown command.
The thrashing horror roars!
You hit the thrashing horror but do no damage.
The thrashing horror is no longer distracted by gold.
The thrashing horror is severely damaged.
The thrashing horror completely resists.
The wall freezes the thrashing horror but does no damage.
The thrashing horror tramples you!
You die...
Your body crumbles into a pile of gold.

## ###.
..#
##$# #
#@X#
#.#X#.#
###.###
#..#
#.. #
.# #


You could see a thrashing horror (strong) and a large abomination.

Vanquished Creatures
  Azrael (D:12)
  A spark wasp (WizLab)
  3 blizzard demons (WizLab)
  Fannar (Lair:2)
  A rakshasa (D:11)
  A ghost crab (WizLab)
  A spriggan air mage (WizLab)
  6 hydras
  2 catoblepae (Lair:6)
  2 boulder beetles
  A centaur warrior (D:11)
  5 two-headed ogres
  A shock serpent (WizLab)
  11 death yaks
  2 orc high priests (Orc:2)
  2 thrashing horrors (Abyss:3)
  2 deep elf knights (Elf:1)
  2 death drakes (WizLab)
  2 deep elf archers (Elf:1)
  A lindwurm (Lair:4)
  4 deep elf zephyrmancers (Elf:1)
  Pikel (D:7)
  An orb spider (shapeshifter) (D:11)
  An oklob plant (Lair:3)
  9 deep elf pyromancers
  An orc knight (Orc:1)
  A wolf spider (D:11)
  2 manticores (D:11)
  4 cyclopes (D:11)
  2 ugly things (D:11)
  5 black mambas
  7 elephants
  4 apocalypse crabs (WizLab)
  12 cane toads
  3 unseen horrors (D:11)
  3 gargoyles
  10 komodo dragons
  Psyche (D:10)
  An efreet (Abyss:2)
  A rime drake (Lair:4)
  A freezing wraith (Abyss:3)
  2 polar bears (Lair:6)
  2 trolls
  Grinder (D:3)
  A wind drake (WizLab)
  11 blink frogs
  7 slime creatures
  A hornet (D:10)
  4 dream sheep (Lair:5)
  A blink frog (shapeshifter) (D:11)
  5 air elementals (WizLab)
  A shadow (D:10)
  4 wraiths
  2 wyverns
  5 basilisks
  A vampire (D:11)
  46 yaks
  5 fire elementals (D:12)
  2 steam dragons
  10 vampire mosquitoes
  2 nameless horrors
  An acid dragon (D:11)
  33 water moccasins
  A hell hound (D:12)
  3 black bears
  An ice beast (D:8)
  15 orc warriors
  4 boggarts (Lair:6)
  2 ogres
  7 centaurs
  4 lemures (D:7)
  A phantom (D:4)
  3 kobold brigands
  9 bullfrogs
  2 scorpions
  2 water moccasin skeletons
  13 killer bees
  3 howler monkeys (D:11)
  2 electric eels (Lair:3)
  6 centaur zombies
  2 bullfrog zombies (D:5)
  2 hounds
  5 jellies
  3 gnoll shamans
  19 orc priests
  A bullfrog skeleton (D:6)
  A centaur skeleton (D:5)
  Natasha (thrice) (D:2)
  19 orc wizards
  A killer bee zombie (D:6)
  A hound skeleton (D:5)
  A howler monkey zombie (D:11)
  11 gnolls
  23 adders
  A shadow imp (D:6)
  A white imp (D:6)
  An ufetubus (D:5)
  3 worms
  A dart slug (D:1)
  56 orcs
  4 bats
  8 endoplasms
  5 giant cockroaches
  7 goblins
  8 hobgoblins
  3 jackals (D:4)
  6 quokkas
  7 ball pythons
  15 kobolds
  5 rats
  2 bushes (Lair:1)
572 creatures vanquished.

Vanquished Creatures (collateral kills)
  A deep elf sorcerer (Abyss:3)
  Josephine (Orc:2)
  2 hydras
  A catoblepas (Lair:6)
  3 death yaks
  2 orc high priests (Orc:2)
  4 shock serpents (WizLab)
  Sonja (Lair:5)
  2 death drakes (WizLab)
  2 deep elf pyromancers (Elf:1)
  An orc sorcerer (Orc:2)
  A deep elf zephyrmancer (Elf:1)
  A manticore (Lair:6)
  A black mamba (Lair:5)
  10 elephants
  3 cane toads
  3 komodo dragons
  A troll (Orc:1)
  A wind drake (WizLab)
  A polar bear (Lair:5)
  A blink frog (Lair:6)
  6 air elementals
  A dream sheep (Lair:5)
  A water elemental (Elf:1)
  2 wraiths (Orc:1)
  8 yaks
  2 basilisks
  3 water moccasins
  5 orc warriors (Orc:2)
  2 ogres
  11 orc priests
  5 orc wizards
  6 orcs
95 creatures vanquished.

Vanquished Creatures (others)
  A deep elf knight (Elf:1)
  A deep elf zephyrmancer (Elf:1)
  A cane toad (Lair:5)
  A blink frog (Lair:5)
  A water moccasin (Lair:3)
  A bush (Lair:5)
  2 demonic plants (Abyss:3)
  31 fungi
  78 plants
  7 withered plants (D:2)
124 creatures vanquished.

Grand Total: 791 creatures vanquished

Notes
Turn   | Place    | Note
-------+----------+-------------------------------------------
     0 | D:1      | Meow the Ghoul Ice Elementalist began the quest for the
                  | Orb.
     0 | D:1      | Reached XP level 1. HP: 14/14 MP: 2/2
   209 | D:1      | Reached XP level 2. HP: 20/20 MP: 0/4
  1328 | D:1      | Reached XP level 3. HP: 26/26 MP: 2/5
  1654 | D:2      | Reached skill level 5 in Ice Magic
  1799 | D:2      | Learned a level 3 spell: Frozen Ramparts
  1851 | D:2      | Noticed Natasha
  2068 | D:2      | Reached XP level 4. HP: 22/33 MP: 1/7
  2247 | D:2      | Killed Natasha
  2496 | D:2      | Noticed Natasha
  2502 | D:2      | Killed Natasha
  2503 | D:2      | Reached XP level 5. HP: 26/38 MP: 0/8
  3006 | D:2      | Noticed Natasha
  3018 | D:2      | Killed Natasha
  3055 | D:2      | Found a faded altar of an unknown god.
  3599 | D:3      | Learned a level 3 spell: Ozocubu's Armour
  3998 | D:3      | Learned a level 3 spell: Mephitic Cloud
  4091 | D:3      | Noticed Grinder
  4122 | D:4      | Found a staircase to the Ecumenical Temple.
  4132 | Temple   | Entered the Ecumenical Temple
  4403 | Temple   | Became a worshipper of Gozag Ym Sagoz the Greedy
  4483 | D:4      | Reached XP level 6. HP: 45/46 MP: 2/10
  4492 | D:4      | Reached skill level 1 in Fighting
  4841 | D:4      | Noticed a water moccasin
  4850 | D:4      | Killed a water moccasin
  4851 | D:4      | Reached skill level 1 in Conjurations
  5060 | D:5      | Entered Level 5 of the Dungeon
  5179 | D:5      | Reached skill level 2 in Fighting
  5179 | D:5      | Reached XP level 7. HP: 42/55 MP: 7/12
  5854 | D:5      | Found a snail-covered altar of Cheibriados.
  6037 | D:5      | Reached skill level 3 in Fighting
  6218 | D:5      | Reached XP level 8. HP: 34/63 MP: 2/13
  6877 | D:6      | Reached skill level 4 in Fighting
  7055 | D:6      | Reached skill level 5 in Spellcasting
  8168 | D:3      | Paralysed by Grinder for 7 turns
  8465 | D:7      | Noticed Pikel
  8490 | D:7      | Killed Pikel
  8491 | D:7      | Reached XP level 9. HP: 41/72 MP: 1/16
  9047 | D:7      | Reached skill level 5 in Fighting
  9467 | D:8      | Found a runed translucent gate.
  9468 | D:8      | Found a runed translucent gate.
  9469 | D:8      | Found a runed translucent gate.
  9469 | D:8      | Noticed a nine-headed hydra
  9469 | D:8      | Noticed vykuza's ghost (novice PaBe)
  9839 | D:8      | Found a staircase to the Lair.
 10078 | D:8      | Learned a level 4 spell: Summon Ice Beast
 10295 | Lair:1   | Entered Level 1 of the Lair of Beasts
 10312 | Lair:1   | Noticed a cane toad
 10326 | Lair:1   | Killed a cane toad
 10327 | Lair:1   | Reached skill level 5 in Conjurations
 10353 | Lair:1   | Reached skill level 6 in Fighting
 10423 | Lair:1   | Learned a level 4 spell: Hailstorm
 10437 | Lair:1   | Noticed a black mamba
 10452 | Lair:1   | Killed a black mamba
 10453 | Lair:1   | Reached XP level 10. HP: 31/83 MP: 0/18
 11314 | Lair:1   | Reached skill level 7 in Fighting
 11314 | Lair:1   | Reached skill level 10 in Ice Magic
 11429 | Lair:1   | Noticed a cane toad
 11441 | Lair:1   | Killed a cane toad
 11966 | Lair:2   | Noticed a cane toad
 11970 | Lair:2   | Noticed an elephant
 11971 | Lair:2   | Noticed an elephant
 11971 | Lair:2   | Noticed an elephant
 11985 | Lair:1   | Killed a cane toad
 12376 | D:3      | Killed Grinder
 12819 | Lair:1   | Bought the +4 robe of Instinct {rElec Str+2 Dex+3} for 587
                  | gold pieces
 12876 | Lair:1   | Killed an elephant
 13017 | Lair:2   | Noticed a cane toad
 13018 | Lair:2   | Noticed a cane toad
 13027 | Lair:1   | Killed an elephant
 13028 | Lair:1   | Reached XP level 11. HP: 78/94 MP: 9/21
 13141 | Lair:2   | Noticed Fannar
 13264 | Lair:2   | Reached skill level 8 in Fighting
 13726 | Lair:2   | Learned a level 5 spell: Freezing Cloud
 14633 | Lair:3   | Noticed an eight-headed hydra
 14644 | Lair:3   | Killed an eight-headed hydra
 14839 | Lair:3   | Noticed an oklob plant
 14856 | Lair:3   | Killed an oklob plant
 14966 | Lair:3   | Reached XP level 12. HP: 103/103 MP: 16/23
 15567 | Lair:4   | Noticed a four-headed hydra
 15593 | Lair:4   | Reached skill level 9 in Fighting
 15720 | Lair:4   | Found a staircase to the Shoals.
 15990 | Lair:4   | Found a hole to the Spider Nest.
 16402 | Lair:4   | Killed a four-headed hydra
 16779 | Lair:5   | Noticed a death yak
 16780 | Lair:5   | Noticed a death yak
 16780 | Lair:5   | Noticed a death yak
 16801 | Lair:5   | Killed a death yak
 16835 | Lair:5   | Noticed a death yak
 16864 | Lair:5   | Killed a death yak
 16868 | Lair:5   | Reached skill level 10 in Fighting
 17152 | Lair:5   | Noticed a death yak
 17171 | Lair:5   | Noticed a death yak
 17174 | Lair:5   | Killed a death yak
 17327 | Lair:5   | Noticed an eight-headed hydra
 17338 | Lair:5   | Killed an eight-headed hydra
 17698 | Lair:5   | Noticed Sonja
 17722 | Lair:5   | Killed Sonja
 17756 | Lair:5   | Found a staircase to the Slime Pits.
 18198 | Lair:5   | Killed a death yak
 18203 | Lair:5   | Killed a death yak
 18205 | Lair:5   | Killed a death yak
 18206 | Lair:5   | Reached XP level 13. HP: 43/114 MP: 9/25
 18450 | Lair:6   | Entered Level 6 of the Lair of Beasts
 18705 | D:9      | Found a staircase to the Orcish Mines.
 18778 | D:9      | Reached skill level 11 in Fighting
 18800 | D:9      | Reached skill level 10 in Spellcasting
 18818 | D:9      | Found Tineafuc's Hydra Hut.
 19072 | D:9      | Found a sparkling altar of Nemelex Xobeh.
 19079 | D:9      | Found a basalt altar of Yredelemnul.
 19121 | D:9      | Found Haetid's Weapon Boutique.
 19255 | D:9      | Found a sacrificial altar of Ru.
 19256 | D:9      | Found an iron altar of Okawaru.
 19256 | D:9      | Found a shimmering blue altar of Sif Muna.
 19256 | D:9      | Found a hazy altar of Hepliaklqana.
 19260 | D:9      | Found a radiant altar of Vehumet.
 19262 | D:9      | Found a shimmering altar of Xom.
 19376 | Orc:1    | Entered Level 1 of the Orcish Mines
 19388 | Orc:1    | Reached skill level 10 in Conjurations
 20437 | Orc:2    | Entered Level 2 of the Orcish Mines
 20448 | Orc:2    | Noticed Josephine
 21056 | Orc:2    | Killed Josephine
 21308 | Orc:2    | Found a staircase to the Elven Halls.
 21734 | Orc:2    | Reached skill level 12 in Fighting
 21938 | Orc:2    | Paralysed by an orc sorcerer for 7 turns
 22402 | Orc:2    | Found Ythiome's Magic Scroll Boutique.
 22402 | Orc:2    | Found Soivod's Book Boutique.
 22403 | Orc:2    | Found Dumib's Weapon Shop.
 22407 | Orc:2    | Found Wuur Jaa's Antique Armour Shop.
 22911 | Lair:1   | Bought a steaming helmet for 228 gold pieces
 22911 | Lair:1   | Identified the -6 helmet "Kickod" {*Slow rElec rPois Int+4}
                  | (You bought it in a shop on level 1 of the Lair of Beasts)
 23540 | Lair:5   | Reached skill level 1 in Earth Magic
 23909 | Lair:5   | Reached skill level 13 in Fighting
 24304 | Lair:5   | Learned a level 5 spell: Bolt of Magma
 24790 | Lair:6   | Reached skill level 5 in Earth Magic
 24918 | Lair:6   | Upgraded the game from 0.27-a0-1462-g4244d90 to
                  | 0.27-a0-1464-g3d13938
 24973 | Lair:6   | Reached XP level 14. HP: 42/130 MP: 2/27
 25808 | Lair:6   | Reached skill level 14 in Fighting
 27030 | D:10     | Entered Level 10 of the Dungeon
 27038 | D:10     | Reached skill level 10 in Earth Magic
 27628 | D:10     | Identified the +8 plate armour of Nuam {Will- Int+5 Dex+2}
 27654 | D:11     | Noticed Psyche
 27691 | D:10     | Killed Psyche
 28918 | D:11     | Identified the +5 flail "Hopsufil" {speed, rF+ Will+}
 29399 | D:11     | Reached XP level 15. HP: 139/139 MP: 16/28
 29867 | D:11     | Got the Catalogue of Displacement and Venom
 30149 | D:12     | Found Dif Boor's Weapon Shop.
 30248 | D:12     | Reached skill level 15 in Fighting
 30360 | D:12     | Noticed Azrael
 30375 | D:12     | Killed Azrael
 31378 | Lair:2   | Killed Fannar
 31785 | Lair:2   | You fall into a shaft and drop 1 floor!
 32208 | Elf:1    | Entered Level 1 of the Elven Halls
 32330 | Elf:1    | Found Okhlaxoc's Antique Weapon Emporium.
 32494 | Elf:1    | Paralysed by an air elemental for 1 turns
 32579 | Elf:1    | Found a magical portal.
 32660 | WizLab   | Entered The Chambers of the Cloud Mage
 32738 | WizLab   | Paralysed by an air elemental for 1 turns
 32741 | WizLab   | Paralysed by an air elemental for 1 turns
 32845 | WizLab   | Paralysed by an air elemental for 1 turns
 33058 | WizLab   | Paralysed by an air elemental for 1 turns
 33062 | WizLab   | Paralysed by an air elemental for 1 turns
 33151 | WizLab   | Paralysed by an air elemental for 1 turns
 33210 | WizLab   | Paralysed by an air elemental for 1 turns
 33214 | WizLab   | Paralysed by an air elemental for 1 turns
 33416 | WizLab   | Learned a level 7 spell: Ozocubu's Refrigeration
 33592 | WizLab   | Paralysed by an air elemental for 1 turns
 33668 | WizLab   | Paralysed by an air elemental for 1 turns
 33673 | WizLab   | Paralysed by an air elemental for 1 turns
 34125 | WizLab   | Paralysed by an air elemental for 1 turns
 34136 | WizLab   | Paralysed by an air elemental for 1 turns
 34225 | WizLab   | Reached XP level 16. HP: 97/151 MP: 25/30
 35316 | WizLab   | Noticed Eroxa
 35685 | WizLab   | Reached skill level 16 in Fighting
 36691 | WizLab   | Cast into level 2 of the Abyss (an apocalypse crab)
 36879 | Abyss:3  | Noticed a bone dragon
 36895 | Abyss:3  | Noticed a bone dragon
 36983 | Abyss:3  | Noticed a dread lich
 37107 | Abyss:3  | HP: 1/151 [thrashing horror (21)]
 37109 | Abyss:3  | Demolished by a thrashing horror

Illustrated notes

Levels and vault maps discovered:
D:1:      ebering_hopf_link, layout_basic
D:2:      layout_basic, shapermc_ecumenical_altar_flowoftime,
          hangedman_abyss_or_decor_lesser_grid, hangedman_feature_mirror,
          uniq_natasha
D:3:      layout_basic, kennysheep_generic_room_6, uniq_grinder
D:4:      layout_basic, minmay_temple_entry_offerings, lightli_corner_chamber
D:5:      layout_basic, general_overflow_altar
D:6:      layout_rooms, hangedman_decor_clover_reticule,
          minmay_misc_feat_pillars, palyth_stone_intersect
D:7:      layout_basic, uniq_pikel
D:8:      layout_basic, lair_entry_dummy, gammafunk_ghost_hydra_chop
D:9:      layout_rooms, minitemple, david_orc_5, serial_shops,
          nicolae_shop_stone, minivault_25, doesnt_shop_hydraphobe
D:10:     layout_roguey, serial_curves, eino_curves_03, eino_curves_04
D:11:     minmay_the_grid_octo_tiled_octocenter_mashed
          [minmay_the_grid_octo_clover_2, minmay_the_grid_octo_clover,
          minmay_the_grid_octo_concentric, minmay_the_grid_octo_checkered,
          minmay_the_grid_octo_prize_star, minmay_the_grid_square_5x5_percent,
          minmay_the_grid_square_5x5_hollow_slash,
          minmay_the_grid_square_5x5_three_small,
          minmay_the_grid_square_5x5_broken_cross], layout_rooms, uniq_psyche
D:12:     layout_roguey, serial_shops, nicolae_shop_behind_doors, uniq_azrael
D:13:     layout_long_grid, grunt_vaults_entry_fortified, serial_shops,
          nicolae_stop_n_shop_1, minmay_checkered_concentric_circles
Temple:   minmay_temple_bridge_abc
Lair:1:   layout_cave_pods
Lair:2:   layout_misc_corridors, beast_lair_carwin_5, uniq_fannar
Lair:3:   lemuel_reptile_caves, layout_regular_city, grunt_megastairs_3,
          serial_bayou_shore_a, minmay_lair_oklob_chamber
Lair:4:   layout_cave_pods, minmay_shoals_entry_centaurs, dummy_spider_entry
Lair:5:   layout_loops_ring, nicolae_slime_entry_slimehenge,
          serial_bayou_shore_b, grunt_megastairs_2, uniq_sonja
Lair:6:   evilmike_catoblepas_cave, layout_cave_shapes,
          nicolae_quartered_pool_little, kilobyte_rumbling_trees
Orc:1:    layout_diamond_mine, serial_shops, nicolae_shop_window_shopping
Orc:2:    st_orc_mages, layout_caves, uniq_josephine
Elf:1:    eino_elf_arrival_the_gate, layout_geoelf_octagon, serial_shops,
          nicolae_shop_stone, ploomutoo_gammafunk_ghost_potion_laboratory,
          mu_enter_wizlab_5, hangedman_elf_represent
Abyss:3:  base: D:3, nicolae_abyss_rune_star_stuff, evilmike_abyss_exit_plants,
          hangedman_abyss_sting, hangedman_abyss_lost_library, bh_abyss_negative
WizLab:   wizlab_cloud

Skill      XL: |  1  2  3  4  5  6  7  8  9 10 11 12 13 14 15 16 |
---------------+-------------------------------------------------+-----
Spellcasting   | 2 3 4 5 6 7 8 9 10 11 12 | 12.0
Ice Magic      | 5 6 7 8 9 10 12 13 | 13.4
Fighting       | 2 3 4 6 7 8 10 13 14 15 16 | 16.0
Conjurations   | 1 2 4 5 6 8 9 10 11 | 11.2
Earth Magic    | 5 10 | 10.0
Dodging        | |  1.7
Stealth        | |  2.1

Action                   |  1- 3 |  4- 6 |  7- 9 | 10-12 | 13-15 | 16-18 || total
-------------------------+-------+-------+-------+-------+-------+-------++-------
Melee: Unarmed           |     1 |    62 |     8 |       |       |       ||    71
       Falchion          |       |       |   140 |   218 |   594 |    36 ||   988
Throw: Stone             |       |     5 |    16 |       |       |       ||    21
       Dart              |       |       |     7 |    57 |    24 |     1 ||    89
 Cast: Freeze            |    68 |    23 |    33 |    24 |    21 |       ||   169
       Frozen Ramparts   |       |    32 |    55 |    77 |   113 |     6 ||   283
       Ozocubu's Armour  |       |     4 |    33 |    37 |    66 |     2 ||   142
       Summon Ice Beast  |       |       |     2 |    70 |   195 |    45 ||   312
       Mephitic Cloud    |       |       |     1 |       |     6 |       ||     7
       Hailstorm         |       |       |       |     4 |     6 |       ||    10
       Freezing Cloud    |       |       |       |       |    62 |     8 ||    70
       Bolt of Magma     |       |       |       |       |    27 |    17 ||    44
       Ozocubu's Refrige |       |       |       |       |       |     1 ||     1
Invok: Call Merchant     |       |       |     1 |       |     4 |       ||     5
Evoke: Wand              |       |       |       |       |    12 |    15 ||    27
       Box of beasts     |       |       |       |       |     2 |     1 ||     3
       Condenser vane    |       |       |       |       |       |     1 ||     1
  Use: Potion            |       |     2 |       |     1 |     5 |     9 ||    17
       Scroll            |       |       |     9 |     3 |     7 |     7 ||    26
 Stab: Sleeping          |       |       |     1 |       |     2 |       ||     3
       Distracted        |       |       |       |     3 |     6 |       ||     9
       Invisible         |       |       |       |       |     1 |       ||     1
Armor: Robe              |     7 |    31 |    59 |   124 |   485 |    24 ||   730
Dodge: Dodged            |    26 |    46 |   124 |   217 |   631 |    45 ||  1089
       Rpst.: Falchion   |       |       |    35 |    51 |   170 |     4 ||   260

Table legend: (Time is in decaauts)
 A = Elapsed time spent in this place.
 B = Non-inter-level travel time spent in this place.
 C = Inter-level travel time spent in this place.
 D = Time resting spent in this place.
 E = Time spent auto-exploring this place.
 F = Levels seen in this place.
 G = Mean time per level.
                   A        B        C        D        E       F      G
               +--------+--------+--------+--------+--------+-----+--------+
         Total |  37559 |  35141 |   2418 |  15054 |  12961 |  26 | 1444.6 |
       Dungeon |  16338 |  14974 |   1364 |   5041 |   7087 |  13 | 1256.8 |
        Temple |    377 |    309 |     68 |     70 |    234 |   1 |  377.0 |
          Lair |  12843 |  11969 |    874 |   4968 |   4533 |   6 | 2140.5 |
  Orcish Mines |   3095 |   2984 |    111 |   1456 |    787 |   2 | 1547.5 |
   Elven Halls |    458 |    458 |      0 |    247 |      0 |   1 |  458.0 |
         Abyss |    420 |    420 |      0 |    154 |      0 |   2 |  210.0 |
        Wizlab |   4026 |   4026 |      0 |   3117 |    320 |   1 | 4026.0 |
               +--------+--------+--------+--------+--------+-----+--------+

Top non-repeatable levels by time:
  WizLab: 4026 daAuts
  Lair:5: 3132 daAuts
  Lair:1: 2591 daAuts
  Lair:6: 2101 daAuts
    D:11: 2063 daAuts
  Lair:3: 1729 daAuts
  Lair:4: 1676 daAuts
     D:5: 1661 daAuts
  Lair:2: 1612 daAuts
     D:1: 1586 daAuts
   Orc:2: 1553 daAuts
   Orc:1: 1542 daAuts
     D:2: 1519 daAuts
     D:9: 1423 daAuts
     D:3: 1348 daAuts
